[Event "56th Rubinstein Memorial C 2020"]
[Site "Polanica Zdroj"]
[Date "2020.08.15"]
[Round "1.1"]
[White "Mackowiak, Szymon"]
[Black "Walkusz, Witoslaw"]
[Result "0-1"]
[ECO "E61"]
[WhiteElo "1689"]
[BlackElo "2092"]
[Annotator "ChessBase"]
[PlyCount "111"]
[EventDate "2020.08.15"]
[EventType "swiss"]
[EventCountry "POL"]
[SourceTitle "playchess.com"]
[Source "ChessBase"]
[SourceQuality "1"]
[TimeControl "40/5400+30:1800+30"]

1. d4 Nf6 2. c4 g6 3. Nc3 Bg7 4. Nf3 O-O 5. Bg5 d6 6. e3 Nbd7 7. Be2 Re8 8. O-O c6 9. Qc2 e5 10. Rfd1 Qa5 11. a3 e4 12. b4 Qf5 13. Bxf6 exf3 14. Qxf5 gxf5 15. gxf3 Nxf6 16. f4 Ne4 17. Nxe4 fxe4 18. c5 Re6 19. Bc4 Rg6+ 20. Kf1 dxc5 21. bxc5 b6 22. f3 Bh3+ 23. Ke1 Rg1+ 24. Kf2 Rg2+ 25. Ke1 exf3 26. Bf1 Rg1 27. Kf2 Rxf1+ 28. Rxf1 Bxf1 29. Rxf1 bxc5 30. dxc5 Rb8 31. Rd1 Bf8 32. Rg1+ Kh8 33. a4 Rb4 34. f5 f6 35. Rd1 Rxa4 36. Rd8 Kg7 37. Rc8 Ra6 38. Rc7+ Kg8 39. Rc8 Kf7 40. Rc7+ Be7 41. Kxf3 Ra5 42. e4 a6 43. Rxc6 Bxc5 44. e5 fxe5 45. Ke4 Be7 46. Rc7 Rc5 47. Ra7 a5 48. h4 h5 49. Ra6 Bxh4 50. Rh6 Bf6 51. Rh7+ Kg8 52. Rxh5 Rc4+ 53. Kd5 Rh4 54. Rxh4 Bxh4 55. Kxe5 Kf7 56. Kd4 0-1

[Event "56th Rubinstein Memorial C 2020"]
[Site "Polanica Zdroj"]
[Date "2020.08.15"]
[Round "1.2"]
[White "Adamczewski, Maciej"]
[Black "Kowalik, Waldemar"]
[Result "1-0"]
[ECO "A44"]
[WhiteElo "2045"]
[BlackElo "1686"]
[Annotator "ChessBase"]
[PlyCount "62"]
[EventDate "2020.08.15"]
[EventType "swiss"]
[EventCountry "POL"]
[SourceTitle "playchess.com"]
[Source "ChessBase"]
[SourceQuality "1"]
[TimeControl "40/5400+30:1800+30"]

1. d4 c5 2. d5 e5 3. Nc3 d6 4. e4 a6 5. a4 f5 6. exf5 Bxf5 7. Bd3 Bxd3 8. Qxd3 Nf6 9. Nf3 Be7 10. Ng5 Qd7 11. Ne6 Kf7 12. Ng5+ Kg8 13. f4 exf4 14. Bxf4 Qg4 15. O-O h6 16. Ne6 Nbd7 17. h3 Qh5 18. Rae1 Qf7 19. Bh2 Nf8 20. Ne4 Nxe6 21. dxe6 Qf8 22. Nxf6+ gxf6 23. Qd5 Rb8 24. Bxd6 Rd8 25. Bxe7 Qxe7 26. Qf5 Rf8 27. Rd1 Qh7 28. Qxc5 Qe4 29. Rfe1 Qxa4 30. Rd7 Qc6 31. Qe7 Ra8 1-0

[Event "56th Rubinstein Memorial C 2020"]
[Site "Polanica Zdroj"]
[Date "2020.08.15"]
[Round "1.3"]
[White "Jaworski, Tymon"]
[Black "Budnik, Mateusz"]
[Result "0-1"]
[ECO "B15"]
[WhiteElo "1667"]
[BlackElo "2033"]
[Annotator "ChessBase"]
[PlyCount "94"]
[EventDate "2020.08.15"]
[EventType "swiss"]
[EventCountry "POL"]
[SourceTitle "playchess.com"]
[Source "ChessBase"]
[SourceQuality "1"]
[TimeControl "40/5400+30:1800+30"]

1. e4 c6 2. d4 d5 3. Nd2 dxe4 4. Nxe4 Nf6 5. Nxf6+ exf6 6. Bf4 Bd6 7. Qd2 Qe7+ 8. Be3 Be6 9. Bd3 Nd7 10. Ne2 Nb6 11. Ng3 Rd8 12. Ne4 Bb8 13. b3 Bd5 14. Ng3 g6 15. O-O O-O 16. Bf4 Rfe8 17. c4 Be6 18. Bc2 Bxf4 19. Qxf4 f5 20. h4 Qf6 21. Rad1 Kg7 22. Qg5 Qxg5 23. hxg5 f6 24. f4 fxg5 25. fxg5 Nc8 26. Rd2 Nd6 27. Ne2 Nf7 28. Nf4 Nxg5 29. Re1 Bf7 30. Rxe8 Rxe8 31. d5 cxd5 32. cxd5 Rd8 33. b4 Kf6 34. Bb3 Ne4 35. Rc2 g5 36. Ne6 Bxe6 37. dxe6 Rd1+ 38. Kh2 g4 39. g3 Rd2+ 40. Rxd2 Nxd2 41. Bd5 b6 42. Kg2 Ne4 43. a3 Ng5 44. Kf2 Nxe6 45. Ke3 Ke5 46. Bb7 Ng5 47. Bg2 Ne4 0-1

[Event "56th Rubinstein Memorial C 2020"]
[Site "Polanica Zdroj"]
[Date "2020.08.15"]
[Round "1.4"]
[White "Komendecki, Jacek"]
[Black "Kosior, Jan"]
[Result "1-0"]
[ECO "B95"]
[WhiteElo "2024"]
[BlackElo "1653"]
[Annotator "ChessBase"]
[PlyCount "31"]
[EventDate "2020.08.15"]
[EventType "swiss"]
[EventCountry "POL"]
[SourceTitle "playchess.com"]
[Source "ChessBase"]
[SourceQuality "1"]
[TimeControl "40/5400+30:1800+30"]

1. e4 c5 2. Nf3 d6 3. d4 cxd4 4. Nxd4 Nf6 5. Nc3 a6 6. Bg5 e6 7. Qf3 Be7 8. Be2 Nbd7 9. O-O-O Ne5 10. Qg3 h6 11. Be3 Ng6 12. f4 b5 13. e5 Nd7 14. Nxe6 fxe6 15. Qxg6+ Kf8 16. Bh5 1-0

[Event "56th Rubinstein Memorial C 2020"]
[Site "Polanica Zdroj"]
[Date "2020.08.15"]
[Round "1.6"]
[White "Iwanczuk, Krzysztof"]
[Black "Wojcik, Jagoda"]
[Result "1-0"]
[ECO "C24"]
[WhiteElo "1977"]
[BlackElo "1640"]
[Annotator "ChessBase"]
[PlyCount "53"]
[EventDate "2020.08.15"]
[EventType "swiss"]
[EventCountry "POL"]
[SourceTitle "playchess.com"]
[Source "ChessBase"]
[SourceQuality "1"]
[TimeControl "40/5400+30:1800+30"]

1. e4 e5 2. Bc4 Nf6 3. d4 exd4 4. Nf3 Bb4+ 5. c3 dxc3 6. bxc3 Ba5 7. e5 d5 8. exf6 dxc4 9. Qa4+ Nc6 10. fxg7 Qe7+ 11. Be3 Rg8 12. Nd4 Qf6 13. O-O Bd7 14. Nxc6 Bxc6 15. Qxa5 Rxg7 16. f3 Bxf3 17. g3 b6 18. Qa3 Qc6 19. Bd4 Rg6 20. Nd2 Bd5 21. Rae1+ Re6 22. Bf6 Kd7 23. Bg5 Bh1 24. Rxf7+ Kc8 25. Qa6+ Qb7 26. Qxb7+ Kxb7 27. Rxe6 1-0

[Event "56th Rubinstein Memorial C 2020"]
[Site "Polanica Zdroj"]
[Date "2020.08.15"]
[Round "1.7"]
[White "Karut, Kacper"]
[Black "Mazalon, Mariusz"]
[Result "0-1"]
[ECO "B27"]
[WhiteElo "1638"]
[BlackElo "1963"]
[Annotator "ChessBase"]
[PlyCount "70"]
[EventDate "2020.08.15"]
[EventType "swiss"]
[EventCountry "POL"]
[SourceTitle "playchess.com"]
[Source "ChessBase"]
[SourceQuality "1"]
[TimeControl "40/5400+30:1800+30"]

1. e4 c5 2. Nf3 g6 3. d4 Bg7 4. c4 Na6 5. Be3 d6 6. Nc3 Nf6 7. dxc5 Qa5 8. Qa4+ Qxa4 9. Nxa4 Nxe4 10. cxd6 Bd7 11. Bd3 Nxd6 12. Nc3 Nb4 13. O-O-O Bxc3 14. bxc3 Nxd3+ 15. Rxd3 Nxc4 16. Bd4 f6 17. Re1 Rf8 18. Bc5 Rf7 19. Rd4 Na5 20. Rde4 e5 21. Nxe5 fxe5 22. Rxe5+ Kd8 23. Be7+ Kc7 24. Rxa5 Rxf2 25. Rg1 b6 26. Ra3 Bf5 27. g4 Bd3 28. Bh4 Re2 29. h3 Rae8 30. Bg3+ Kc6 31. Rxa7 Rc2+ 32. Kd1 Ree2 33. Bf4 Rb2 34. Rg3 Rb1+ 35. Bc1 Rc2 0-1

[Event "56th Rubinstein Memorial C 2020"]
[Site "Polanica Zdroj"]
[Date "2020.08.15"]
[Round "1.8"]
[White "Kawalko, Adam"]
[Black "Plichta, Krzysztof"]
[Result "1-0"]
[ECO "B18"]
[WhiteElo "1950"]
[BlackElo "1636"]
[Annotator "ChessBase"]
[PlyCount "41"]
[EventDate "2020.08.15"]
[EventType "swiss"]
[EventCountry "POL"]
[SourceTitle "playchess.com"]
[Source "ChessBase"]
[SourceQuality "1"]
[TimeControl "40/5400+30:1800+30"]

1. e4 c6 2. d4 d5 3. Nc3 dxe4 4. Nxe4 Bf5 5. Ng3 Bg6 6. h4 h6 7. Nh3 e6 8. Nf4 Bh7 9. Bc4 Nf6 10. Ngh5 Nbd7 11. c3 Nxh5 12. Nxh5 Nf6 13. Bf4 Nd5 14. Be5 Qa5 15. Qf3 f6 16. Bxf6 Nxf6 17. Nxf6+ gxf6 18. Qxf6 Rg8 19. Qxe6+ Kd8 20. Qf7 Bg7 21. Be6 1-0

[Event "56th Rubinstein Memorial C 2020"]
[Site "Polanica Zdroj"]
[Date "2020.08.15"]
[Round "1.9"]
[White "Siekanska, Zuzanna"]
[Black "Janzer, Hubert"]
[Result "0-1"]
[ECO "A57"]
[WhiteElo "1633"]
[BlackElo "1892"]
[Annotator "NA"]
[PlyCount "119"]
[EventDate "2020.08.15"]
[EventType "swiss"]
[EventCountry "POL"]
[SourceTitle "playchess.com"]
[Source "ChessBase"]
[SourceQuality "1"]
[TimeControl "40/5400+30:1800+30"]

1. d4 Nf6 2. c4 c5 3. d5 b5 4. Nf3 d6 5. Qc2 g6 6. e4 Bg7 7. h3 O-O 8. Bf4 Nfd7 9. Nc3 bxc4 10. Bxc4 Nb6 11. Be2 N8d7 12. O-O f5 13. exf5 Rxf5 14. Bg3 Ne5 15. Bxe5 dxe5 16. Ne4 Bb7 17. Rfd1 Bxd5 18. Qxc5 e6 19. Qe3 Qf8 20. Ng3 Bh6 21. Qa3 Rf4 22. Rf1 Qxa3 23. bxa3 Rc8 24. Nxe5 Ra4 25. Bf3 Rxa3 26. Bxd5 exd5 27. Ng4 Bd2 28. Ne2 Rc2 29. Nd4 Rcxa2 30. Rad1 Nc4 31. Ne6 Kf7 32. Nc7 Ra5 33. Rb1 Rb2 34. Ne5+ Kf6 35. Nxc4 Rxb1 36. Nxd5+ Rxd5 37. Rxb1 Bf4 38. g3 Bc7 39. Ra1 a5 40. Kg2 Rc5 41. Ra4 Ke6 42. Kf3 Kd5 43. Ne3+ Kc6 44. Rh4 h5 45. Re4 Kb5 46. Ke2 a4 47. Kd3 a3 48. Nc2 a2 49. Re1 Be5 50. Na1 Ka4 51. f4 Bb2 52. g4 Rc3+ 53. Kd2 Rc4 54. gxh5 gxh5 55. f5 Bxa1 56. Rxa1 Kb3 57. Kd3 Rf4 58. Re1 Rxf5 59. Ke4 Rf2 60. Kd4 0-1

[Event "56th Rubinstein Memorial C 2020"]
[Site "Polanica Zdroj"]
[Date "2020.08.15"]
[Round "1.10"]
[White "Lewandrowski, Tomasz"]
[Black "Findysz, Tomasz"]
[Result "1-0"]
[ECO "B17"]
[WhiteElo "1879"]
[BlackElo "1633"]
[Annotator "NA"]
[PlyCount "67"]
[EventDate "2020.08.15"]
[EventType "swiss"]
[EventCountry "POL"]
[SourceTitle "playchess.com"]
[Source "ChessBase"]
[SourceQuality "1"]
[TimeControl "40/5400+30:1800+30"]

1. e4 c6 2. d4 d5 3. Nc3 dxe4 4. Nxe4 Nd7 5. Nf3 Ngf6 6. Ng3 e6 7. Bd3 c5 8. c3 cxd4 9. Nxd4 Bc5 10. O-O O-O 11. Qc2 a6 12. a4 Qc7 13. Nf3 b6 14. Ne4 Be7 15. Bg5 g6 16. Bh4 Bb7 17. Bg3 e5 18. Nxf6+ Bxf6 19. Be4 Rfe8 20. Rfe1 Rac8 21. Rad1 Re7 22. h4 Bxe4 23. Qxe4 Qc6 24. Qxc6 Rxc6 25. Rd5 Nc5 26. a5 bxa5 27. Bxe5 a4 28. Bxf6 Rxe1+ 29. Nxe1 Rxf6 30. Rxc5 Rb6 31. Ra5 Rxb2 32. Rxa4 Rb3 33. c4 Kf8 34. Rxa6 1-0

[Event "56th Rubinstein Memorial C 2020"]
[Site "Polanica Zdroj"]
[Date "2020.08.15"]
[Round "1.11"]
[White "Komendecki, Antoni"]
[Black "Raclawicki, Kacper"]
[Result "1-0"]
[ECO "B08"]
[WhiteElo "1631"]
[BlackElo "1879"]
[Annotator "NA"]
[PlyCount "95"]
[EventDate "2020.08.15"]
[EventType "swiss"]
[EventCountry "POL"]
[SourceTitle "playchess.com"]
[Source "ChessBase"]
[SourceQuality "1"]
[TimeControl "40/5400+30:1800+30"]

1. e4 g6 2. d4 Bg7 3. Nf3 d6 4. Nc3 Nf6 5. Be3 O-O 6. Qd2 Ng4 7. Bg5 h6 8. Bf4 e5 9. dxe5 dxe5 10. Qxd8 Rxd8 11. Bg3 Be6 12. h3 Nf6 13. Bxe5 c5 14. Bd3 Nc6 15. Bg3 Nb4 16. O-O-O Nxa2+ 17. Nxa2 Bxa2 18. b3 c4 19. Bxc4 Nxe4 20. Rxd8+ Rxd8 21. Be5 b5 22. Bxb5 Bxe5 23. Nxe5 Rd5 24. Re1 Rxe5 25. Bd3 Bxb3 26. Rxe4 Rc5 27. c4 a5 28. Kb2 a4 29. Ka3 Kg7 30. Kb4 Rc7 31. c5 Rb7+ 32. Ka5 a3 33. Re1 a2 34. Ra1 Bd5 35. Bb5 Ra7+ 36. Kb6 Ra3 37. c6 Bxg2 38. c7 Bxh3 39. Bc4 Rc3 40. Bxa2 Rc2 41. f3 Bg2 42. Bd5 h5 43. Ra2 Rxa2 44. c8=Q Rb2+ 45. Ka5 Re2 46. Qc7 h4 47. Qxf7+ Kh6 48. Qf4+ 1-0

[Event "56th Rubinstein Memorial C 2020"]
[Site "Polanica Zdroj"]
[Date "2020.08.15"]
[Round "1.12"]
[White "Lewandowski, Wiktor"]
[Black "Szopa, Emilia"]
[Result "0-1"]
[ECO "B30"]
[WhiteElo "1855"]
[BlackElo "1628"]
[Annotator "NA"]
[PlyCount "98"]
[EventDate "2020.08.15"]
[EventType "swiss"]
[EventCountry "POL"]
[SourceTitle "playchess.com"]
[Source "ChessBase"]
[SourceQuality "1"]
[TimeControl "40/5400+30:1800+30"]

1. e4 c5 2. Nf3 Nc6 3. Nc3 e5 4. g3 Nf6 5. Bg2 Be7 6. O-O O-O 7. d3 d6 8. Nd2 Nd4 9. Nc4 a6 10. Ne3 Re8 11. f4 exf4 12. gxf4 Nd7 13. Ncd5 Nb6 14. c3 Nxd5 15. Nxd5 Nc6 16. f5 Bf6 17. Bf4 Kh8 18. Kh1 Ra7 19. Rg1 Be5 20. Bxe5 Nxe5 21. d4 Nd7 22. Qd3 Nf6 23. dxc5 dxc5 24. Rae1 b5 25. c4 bxc4 26. Qxc4 Ng4 27. Rgf1 Qh4 28. h3 Nf2+ 29. Kh2 Bxf5 30. Rxf2 Qxf2 31. Rf1 Qxb2 32. Rxf5 Qb8+ 33. Kg1 Qg3 34. Qxc5 Rb7 35. Qc3 Rb1+ 36. Rf1 Rxf1+ 37. Kxf1 Qxc3 38. Nxc3 Rc8 39. Nd5 Rc1+ 40. Ke2 Rc2+ 41. Kf3 Rxa2 42. Bf1 a5 43. Bc4 Ra3+ 44. Kg4 Kg8 45. Nf4 Kf8 46. Bd5 g6 47. h4 h5+ 48. Kg5 Kg7 49. Ne2 Rf3 0-1

[Event "56th Rubinstein Memorial C 2020"]
[Site "Polanica Zdroj"]
[Date "2020.08.15"]
[Round "1.13"]
[White "Krzyzosiak, Anna"]
[Black "Rudecki, Bartosz"]
[Result "0-1"]
[ECO "C55"]
[WhiteElo "1621"]
[BlackElo "1831"]
[Annotator "NA"]
[PlyCount "154"]
[EventDate "2020.08.15"]
[EventType "swiss"]
[EventCountry "POL"]
[SourceTitle "playchess.com"]
[Source "ChessBase"]
[SourceQuality "1"]
[TimeControl "40/5400+30:1800+30"]

1. e4 e5 2. Nf3 Nc6 3. Bc4 Nf6 4. d3 Be7 5. O-O d6 6. c3 O-O 7. Nbd2 Na5 8. Bb5 a6 9. Ba4 b5 10. Bc2 c5 11. Re1 Nc6 12. Nf1 h6 13. Ne3 Re8 14. d4 Bf8 15. dxc5 dxc5 16. Nd5 Be6 17. Nxf6+ Qxf6 18. h3 Rad8 19. Qe2 Ne7 20. Rd1 Ng6 21. a4 Rxd1+ 22. Qxd1 Rd8 23. Qe1 Bxh3 24. gxh3 Qxf3 25. Qe3 Qf6 26. axb5 axb5 27. Qe2 Nf4 28. Bxf4 Qxf4 29. Rd1 Rxd1+ 30. Qxd1 c4 31. Kg2 Qg5+ 32. Kf1 Bc5 33. Qe2 Qf4 34. Bd1 g6 35. Qf3 Qc1 36. Qe2 f5 37. exf5 gxf5 38. Qc2 Qf4 39. Qe2 e4 40. Kg2 Qg5+ 41. Kf1 Kg7 42. b3 Qh4 43. Kg2 Kf6 44. bxc4 f4 45. Qd2 Ke7 46. cxb5 f3+ 47. Bxf3 exf3+ 48. Kxf3 Qxh3+ 49. Ke2 Qg4+ 50. Kf1 h5 51. Qe2+ Kf6 52. Qxg4 hxg4 53. Kg2 Bd6 54. c4 Ke6 55. c5 Be5 56. c6 Kd6 57. Kf1 Kc7 58. Ke2 Bd4 59. Kf1 Kb6 60. Ke2 Bc5 61. Kf1 Bd6 62. Ke2 Bc5 63. Kf1 Kc7 64. Kg2 Bd6 65. Kf1 Be5 66. Ke2 Bd4 67. Kf1 Kd6 68. Kg2 Be5 69. Kf1 Kd5 70. Ke2 Bc7 71. Ke3 Ke5 72. f3 Bb6+ 73. Ke2 g3 74. Kf1 Kf4 75. Kg2 Bc7 76. Kf1 Kxf3 77. Kg1 g2 0-1

[Event "56th Rubinstein Memorial C 2020"]
[Site "Polanica Zdroj"]
[Date "2020.08.15"]
[Round "1.14"]
[White "Podgorski, Maciej"]
[Black "Lada, Damian"]
[Result "1-0"]
[ECO "C10"]
[WhiteElo "1810"]
[BlackElo "1619"]
[Annotator "NA"]
[PlyCount "75"]
[EventDate "2020.08.15"]
[EventType "swiss"]
[EventCountry "POL"]
[SourceTitle "playchess.com"]
[Source "ChessBase"]
[SourceQuality "1"]
[TimeControl "40/5400+30:1800+30"]

1. e4 e6 2. d4 d5 3. Nc3 dxe4 4. Nxe4 Nd7 5. Nf3 Ngf6 6. Bd3 Be7 7. Bg5 h6 8. Bf4 Nxe4 9. Bxe4 Nf6 10. Qe2 Nxe4 11. Qxe4 Bd6 12. O-O-O Bxf4+ 13. Qxf4 O-O 14. Rhe1 b6 15. Re3 Bb7 16. Ne5 Qg5 17. Qxg5 hxg5 18. f3 Rfd8 19. c3 Rac8 20. Red3 Rd6 21. b4 Ba6 22. R3d2 f6 23. Ng4 Bb5 24. Nf2 Rcd8 25. Kb2 c5 26. Ne4 Rd5 27. dxc5 Rxd2+ 28. Rxd2 Rxd2+ 29. Nxd2 bxc5 30. c4 Bd7 31. b5 e5 32. Ne4 Be6 33. Kc3 g4 34. fxg4 Bxg4 35. Nxc5 Kf7 36. a4 Ke7 37. a5 Bc8 38. b6 1-0

[Event "56th Rubinstein Memorial C 2020"]
[Site "Polanica Zdroj"]
[Date "2020.08.15"]
[Round "1.15"]
[White "Demski, Michal"]
[Black "Mocny, Tomasz"]
[Result "1-0"]
[ECO "B03"]
[WhiteElo "1617"]
[BlackElo "1802"]
[Annotator "NA"]
[PlyCount "95"]
[EventDate "2020.08.15"]
[EventType "swiss"]
[EventCountry "POL"]
[SourceTitle "playchess.com"]
[Source "ChessBase"]
[SourceQuality "1"]
[TimeControl "40/5400+30:1800+30"]

1. e4 Nf6 2. e5 Nd5 3. d4 d6 4. c4 Nb6 5. exd6 exd6 6. Bd3 Nc6 7. Be3 Qf6 8. Ne2 Bf5 9. O-O Be7 10. Nbc3 O-O 11. a3 Na5 12. c5 dxc5 13. dxc5 Rad8 14. Bd4 Rxd4 15. Nxd4 Bxd3 16. Qxd3 Rd8 17. cxb6 axb6 18. Qg3 Rxd4 19. Qxc7 h6 20. Rad1 Bd6 21. Qc8+ Kh7 22. Rxd4 Qxd4 23. Qf5+ Kg8 24. Nb5 Qd2 25. Nxd6 Qxd6 26. b4 Nc6 27. Qc8+ Nd8 28. h3 Kh7 29. Qf5+ g6 30. Qf3 Qc7 31. Rd1 Ne6 32. Qd5 Kg7 33. Re1 Kg8 34. Qd2 h5 35. Rc1 Qe5 36. Qe3 Qd6 37. Rc8+ Kh7 38. Qf3 Qd7 39. Rb8 Nd8 40. Qf6 Qe6 41. Qxe6 Nxe6 42. Rxb7 Kg7 43. Rxb6 Nf4 44. a4 g5 45. a5 f6 46. a6 Nd5 47. Rb7+ Kg6 48. a7 1-0

[Event "56th Rubinstein Memorial C 2020"]
[Site "Polanica Zdroj"]
[Date "2020.08.16"]
[Round "2.3"]
[White "Budnik, Mateusz"]
[Black "Maslo, Slawomir"]
[Result "1-0"]
[ECO "B90"]
[WhiteElo "2033"]
[BlackElo "1740"]
[Annotator "ChessBase"]
[PlyCount "69"]
[EventDate "2020.08.15"]
[EventType "swiss"]
[EventCountry "POL"]
[SourceTitle "playchess.com"]
[Source "ChessBase"]
[SourceQuality "1"]
[TimeControl "40/5400+30:1800+30"]

1. e4 c5 2. Nf3 d6 3. d4 cxd4 4. Nxd4 Nf6 5. Nc3 a6 6. h3 e5 7. Nde2 h5 8. g3 Be6 9. Bg2 Be7 10. O-O O-O 11. Be3 b5 12. Nd5 Nxd5 13. exd5 Bc8 14. a4 b4 15. c4 bxc3 16. bxc3 Nd7 17. c4 Qc7 18. Rc1 Nc5 19. Nc3 Bf5 20. Bxc5 Qxc5 21. Qxh5 Bg6 22. Qg4 Bd3 23. Rfd1 f5 24. Qh5 e4 25. Ne2 Rf6 26. Nf4 Rh6 27. Qxf5 Rf8 28. Qg4 Kh8 29. h4 Bd8 30. Ng6+ Rxg6 31. Qxg6 Qxf2+ 32. Kh2 Be2 33. Rf1 Bxf1 34. Rxf1 Rf6 35. Qe8+ 1-0

[Event "56th Rubinstein Memorial C 2020"]
[Site "Polanica Zdroj"]
[Date "2020.08.16"]
[Round "2.4"]
[White "Orlik, Sandra"]
[Black "Komendecki, Jacek"]
[Result "1/2-1/2"]
[ECO "E71"]
[WhiteElo "1738"]
[BlackElo "2024"]
[Annotator "NA"]
[PlyCount "65"]
[EventDate "2020.08.15"]
[EventType "swiss"]
[EventCountry "POL"]
[SourceTitle "playchess.com"]
[Source "ChessBase"]
[SourceQuality "1"]
[TimeControl "40/5400+30:1800+30"]

1. d4 Nf6 2. c4 g6 3. Nc3 Bg7 4. e4 d6 5. h3 O-O 6. Be3 e5 7. d5 Na6 8. g4 Nc5 9. f3 c6 10. Nge2 cxd5 11. cxd5 h5 12. Qd2 Nh7 13. Nc1 Bd7 14. Nd3 Nxd3+ 15. Bxd3 h4 16. g5 a6 17. Ke2 f6 18. gxf6 Qxf6 19. Raf1 b5 20. a3 Rac8 21. Ke1 g5 22. Qg2 Kh8 23. Qd2 Bh6 24. Nd1 Qd8 25. Be2 Qc7 26. Nf2 Qc2 27. Bd1 Qb1 28. Ke2 Qa2 29. Ng4 Bxg4 30. hxg4 Qc4+ 31. Qd3 Qa2 32. Qd2 Qc4+ 33. Ke1 1/2-1/2

[Event "56th Rubinstein Memorial C 2020"]
[Site "Polanica Zdroj"]
[Date "2020.08.16"]
[Round "2.8"]
[White "Jankowski, Aleksander"]
[Black "Kawalko, Adam"]
[Result "*"]
[ECO "E10"]
[WhiteElo "1692"]
[BlackElo "1950"]
[Annotator "ChessBase"]
[PlyCount "30"]
[EventDate "2020.08.15"]
[EventType "swiss"]
[EventCountry "POL"]
[SourceTitle "playchess.com"]
[Source "ChessBase"]
[SourceQuality "1"]
[TimeControl "40/5400+30:1800+30"]

1. d4 Nf6 2. c4 e6 3. Nf3 c5 4. g3 cxd4 5. Nxd4 Bb4+ 6. Bd2 Be7 7. Bg2 O-O 8. Nc3 Nc6 9. Bf4 Nh5 10. Be3 a6 11. O-O f5 12. Na4 Ne5 13. Qc1 Qc7 14. Rd1 Nf3+ 15. Bxf3 f4 *

[Event "56th Rubinstein Memorial C 2020"]
[Site "Polanica Zdroj"]
[Date "2020.08.16"]
[Round "2.9"]
[White "Janzer, Hubert"]
[Black "Komendecki, Antoni"]
[Result "1-0"]
[ECO "C49"]
[WhiteElo "1893"]
[BlackElo "1631"]
[Annotator "NA"]
[PlyCount "63"]
[EventDate "2020.08.15"]
[EventType "swiss"]
[EventCountry "POL"]
[SourceTitle "playchess.com"]
[Source "ChessBase"]
[SourceQuality "1"]
[TimeControl "40/5400+30:1800+30"]

1. e4 e5 2. Nf3 Nc6 3. Nc3 Nf6 4. Bb5 Bb4 5. O-O d6 6. Nd5 Nxe4 7. Nxb4 Ng5 8. Nxc6 Qd7 9. Nxa7 c6 10. Nxc8 Rxc8 11. Bc4 Nxf3+ 12. Qxf3 O-O 13. Re1 d5 14. Bb3 e4 15. Qh3 Qe7 16. d3 Rce8 17. Qg3 g6 18. Bh6 f5 19. Bxf8 Rxf8 20. dxe4 Re8 21. Qe3 fxe4 22. f3 c5 23. Bxd5+ Kf8 24. Qh6+ Qg7 25. Qxg7+ Kxg7 26. Rxe4 Rf8 27. Re7+ Kf6 28. Rxh7 Ke5 29. Rf7 Re8 30. Re1+ Kxd5 31. Rxe8 Kd6 32. Rg7 1-0

[Event "56th Rubinstein Memorial C 2020"]
[Site "Polanica Zdroj"]
[Date "2020.08.16"]
[Round "2.10"]
[White "Szopa, Emilia"]
[Black "Lewandrowski, Tomasz"]
[Result "0-1"]
[ECO "B20"]
[WhiteElo "1628"]
[BlackElo "1879"]
[Annotator "NA RC"]
[PlyCount "68"]
[EventDate "2020.08.15"]
[EventType "swiss"]
[EventCountry "POL"]
[SourceTitle "playchess.com"]
[Source "ChessBase"]
[SourceQuality "1"]
[TimeControl "40/5400+30:1800+30"]

1. e4 c5 2. Ne2 e5 3. g3 d5 4. Bg2 dxe4 5. Bxe4 Nc6 6. O-O Bh3 7. Bg2 Bxg2 8. Kxg2 Nf6 9. Nbc3 Be7 10. d3 O-O 11. f4 exf4 12. Bxf4 Nd4 13. Nxd4 cxd4 14. Ne4 Rc8 15. Nxf6+ Bxf6 16. Rf2 Qb6 17. Rb1 Rc5 18. Kg1 Rfc8 19. b3 Qc6 20. h4 Rxc2 21. Rxc2 Qxc2 22. Qxc2 Rxc2 23. Rc1 Rxc1+ 24. Bxc1 Be5 25. Bf4 Bxf4 26. gxf4 f5 27. Kf2 Kf7 28. Kg3 Kg6 29. Kh3 Kh5 30. Kg3 h6 31. Kh3 g5 32. Kg3 gxf4+ 33. Kxf4 Kxh4 34. Kxf5 Kg3 0-1

[Event "56th Rubinstein Memorial C 2020"]
[Site "Polanica Zdroj"]
[Date "2020.08.16"]
[Round "2.11"]
[White "Rudecki, Bartosz"]
[Black "Demski, Michal"]
[Result "1-0"]
[ECO "B07"]
[WhiteElo "1831"]
[BlackElo "1617"]
[Annotator "NA"]
[PlyCount "53"]
[EventDate "2020.08.15"]
[EventType "swiss"]
[EventCountry "POL"]
[SourceTitle "playchess.com"]
[Source "ChessBase"]
[SourceQuality "1"]
[TimeControl "40/5400+30:1800+30"]

1. e4 d6 2. d4 Nf6 3. Nc3 Nbd7 4. Nf3 e5 5. Bc4 Be7 6. O-O h6 7. h3 c6 8. a4 Qc7 9. Be3 Nf8 10. Nh4 Nxe4 11. Nxe4 Bxh4 12. dxe5 d5 13. Nd6+ Kd8 14. Qh5 Ng6 15. Bd3 Qe7 16. Bxg6 fxg6 17. Qxg6 Rf8 18. Nxc8 Rxc8 19. g3 Qxe5 20. gxh4 Rf6 21. Qxg7 Qf5 22. h5 Rf7 23. Qg4 Qh7 24. Bd4 Rcc7 25. Rae1 Rg7 26. Bf6+ Rce7 27. Qxg7 1-0

[Event "56th Rubinstein Memorial C 2020"]
[Site "Polanica Zdroj"]
[Date "2020.08.16"]
[Round "2.12"]
[White "Kieca, Aleksandra"]
[Black "Podgorski, Maciej"]
[Result "1/2-1/2"]
[ECO "B92"]
[WhiteElo "1594"]
[BlackElo "1810"]
[Annotator "NA"]
[PlyCount "177"]
[EventDate "2020.08.15"]
[EventType "swiss"]
[EventCountry "POL"]
[SourceTitle "playchess.com"]
[Source "ChessBase"]
[SourceQuality "1"]
[TimeControl "40/5400+30:1800+30"]

1. e4 c5 2. Nf3 d6 3. d4 cxd4 4. Nxd4 Nf6 5. Nc3 a6 6. Be2 e5 7. Nb3 Be6 8. O-O Be7 9. Kh1 Nbd7 10. f4 exf4 11. Bxf4 Ne5 12. Qe1 O-O 13. Nd4 {[%emt 0:06:07] B92: Sicilian Najdorf: 6 Be2.} Rc8 14. Rd1 Qb6 {[%emt 0:04:32] [#]} 15. Na4 $146 ({Predecessor:} 15. Bc1 Qc7 16. Qg3 b5 17. a3 Rfe8 18. Nf5 Bxf5 19. exf5 Kh8 20. h3 h6 21. Rd4 {1-0 (69) Morozevich,A (2787)-Maslak,K (2544) Moscow 2008}) 15... Qa7 16. Nc3 b5 17. Nf5 Bxf5 18. exf5 b4 19. Nd5 Nxd5 20. Rxd5 Rxc2 21. Bxe5 dxe5 22. Bd3 Rc6 23. Qxe5 Bf6 24. Qe4 Qb7 25. Rc5 Rfc8 26. Rxc6 Qxc6 27. Qxb4 Rd8 28. Qb3 Be5 29. Bc4 Qf6 30. a4 Rb8 31. Qd3 Rxb2 32. Bxa6 h6 33. Bb5 Qh4 34. h3 Ra2 35. Qb3 Ra1 36. Qd3 Qf4 37. g3 Qf2 38. Rxa1 Bxa1 39. Qf1 Qd4 40. Qg2 Qe5 41. Bd3 Qe3 42. Bf1 Bd4 43. Bb5 h5 44. Be2 h4 45. gxh4 Qa3 46. Bb5 Qb3 47. Qa8+ Kh7 48. Qg2 Qb1+ 49. Bf1 Qa1 50. Qf3 Qxa4 51. Qe4 Qa1 52. Qd3 Qb2 53. Qe2 Qc1 54. Qh5+ Kg8 55. Qf3 Qd2 56. Qa8+ Kh7 57. Qf3 Be5 58. Qg2 Qf4 59. f6 Bxf6 60. Bd3+ Kh6 61. Qe4 Qc1+ 62. Kg2 Qd2+ 63. Qe2 Qc1 64. Qe4 g6 $11 65. Be2 Qe1 66. h5 Bd4 67. Qf4+ g5 68. Qd6+ Kg7 69. Qxd4+ f6 70. Qe4 Qc3 71. Qg6+ Kh8 72. Qe8+ Kg7 73. Qe7+ Kh6 74. Qf8+ Kh7 75. Qf7+ Kh8 76. Qe8+ Kg7 77. h6+ Kxh6 78. Qh8+ Kg6 79. Bh5+ Kf5 80. Qh7+ Ke5 81. Qe7+ Kf4 82. Qd6+ Qe5 83. Qxe5+ Kxe5 84. Kf3 f5 85. Kg3 Kf6 86. Bd1 Ke5 87. Bc2 Kf6 88. Kf2 Ke5 89. Kg3 1/2-1/2